 Dungeon Crawl Stone Soup version 0.20.1-1-g8b1a95d (webtiles) character file.

438 YourSirLucifer the Ducker (level 6, -4/47 HPs)
             Began as a Demonspawn Monk on Dec 16, 2017.
             Slain by a two-headed ogre
             ... wielding a +0 dire flail
              (19 damage)
             ... on level 5 of the Dungeon.
             The game lasted 00:13:48 (4155 turns).

YourSirLucifer the Ducker (Demonspawn Monk)         Turns: 4155, Time: 00:13:49

Health: -4/47      AC: 10    Str: 12    XL:     6   Next: 69%
Magic:  6/6        EV: 17    Int: 11    God:
Gold:   54         SH:  4    Dex: 17    Spells: 5/5 levels left

rFire    . . .     SeeInvis .     - Unarmed
rCold    + . .     Gourm    .   m - +0 buckler
rNeg     . . .     Faith    .   s - +2 ring mail {rC+}
rPois    +         Spirit   .   j - +2 hat
rElec    .         Reflect  .   o - +0 cloak
rCorr    .         Harm     .   (no gloves)
MR       .....                  (no boots)
Stlth    +.........             (no amulet)
Regen    0.2/turn               d - ring of poison resistance
MPRegen  0.1/turn               c - +3 ring of evasion

@: no status effects
A: talons 1, spiny 1
a: no special abilities


You were on level 5 of the Dungeon.
You were hungry.

You visited 1 branch of the dungeon, and saw 5 of its levels.

You collected 236 gold pieces.
You spent 182 gold pieces at shops.

Inventory:

Missiles
 k - 99 arrows
 n - 3 javelins (quivered)
Armour
 a - a +0 robe
 h - a +0 scale mail of cold resistance
 j - a +2 hat (worn)
 m - a +0 buckler (worn)
 o - a +0 cloak (worn)
 s - a +2 ring mail of cold resistance (worn)
Jewellery
 c - a +3 ring of evasion (right hand)
 d - a ring of poison resistance (left hand)
Scrolls
 p - 2 scrolls of teleportation
 q - a scroll of remove curse
Potions
 e - a potion of haste
 g - 2 potions of cancellation {unknown}
 l - 2 potions of agility {unknown}
 r - a potion of berserk rage {unknown}
Books
 t - a book of Cantrips

   Spells                             Type                      Level
   a - Confusing Touch                Hexes                        1
   b - Animate Skeleton               Necromancy                   1
   c - Summon Small Mammal            Summoning                    1
   d - Apportation                    Translocation                1
Comestibles
 b - 5 bread rations
 f - 2 royal jellies
 i - 2 meat rations


   Skills:
 + Level 3.3 Fighting
 + Level 6.8 Dodging
 - Level 1.7 Stealth
 - Level 2.6 Unarmed Combat


You had 5 spell levels left.
You didn't know any spells.

Dungeon Overview and Level Annotations

Branches:
Dungeon (5/15)
 Temple: D:4-7

Altars:

Shops:
D:4 [


Innate Abilities, Weirdness & Mutations

You have sharp toenails.
You are partially covered in sharp spines.


Message History

You block the two-headed ogre's attack. The two-headed ogre closely misses you.
Your ring mail prevents you from hitting the two-headed ogre.
You claw the two-headed ogre, but do no damage.
The two-headed ogre is moderately wounded.
You hit the two-headed ogre. You claw the two-headed ogre.
The two-headed ogre is heavily wounded.
The two-headed ogre hits you with a dire flail!
The two-headed ogre barely misses you.
You hit the two-headed ogre.
You claw the two-headed ogre, but do no damage.
The two-headed ogre is heavily wounded.
The two-headed ogre is struck by your spines.
The two-headed ogre hits you with a dire flail!
The two-headed ogre hits you with a giant club.
You hit the two-headed ogre but do no damage.
You claw the two-headed ogre.
The two-headed ogre is heavily wounded.
The two-headed ogre barely misses you.
The two-headed ogre hits you with a giant club!!
You die...

#........###..#####.,,****
#...................***
#............####..#***
#######........##.........*,*
#.......#######...........,,***
#.......# ##....##........,,,,**
#.......###..#####........,**,**
#...........######........,,,,,,
#.........#....@O.........,,,,,,
#.......#....##########.#.,,***,
#..........#.# *...,,* *,
#........###.# ***.,,****
########.###.## **,,,***
#......# *,,,,,* ####...##
*,.##,* ######### ###..####
*...#,. ........# #.....#
*#..##.


You could see a two-headed ogre.

Vanquished Creatures
  2 scorpions (D:4)
  2 hounds
  2 jellies (D:5)
  An orc wizard (D:5)
  A hound skeleton (D:4)
  A gnoll (D:1)
  3 adders
  2 shadow imps (D:4)
  3 oozes
  An adder skeleton (D:4)
  3 worms
  A dart slug (D:1)
  2 leopard geckos
  3 orcs
  5 giant cockroaches
  12 goblins
  13 hobgoblins
  10 jackals
  2 quokkas
  A ball python (D:4)
  12 bats
  4 frilled lizards
  A jackal zombie (D:5)
  11 kobolds
  A leopard gecko skeleton (D:5)
  5 rats
104 creatures vanquished.

Notes
Turn   | Place    | Note
-------+----------+-------------------------------------------
     0 | D:1      | YourSirLucifer the Demonspawn Monk began the quest for the Orb.
     0 | D:1      | Reached XP level 1. HP: 18/18 MP: 1/1
   227 | D:1      | Reached skill level 3 in Dodging
   301 | D:1      | Gained mutation: You have sharp toenails. [demonic ancestry]
   301 | D:1      | Reached XP level 2. HP: 17/24 MP: 2/2
   808 | D:2      | Reached XP level 3. HP: 27/29 MP: 3/3
  1009 | D:2      | Reached skill level 4 in Dodging
  1514 | D:1      | Reached XP level 4. HP: 33/35 MP: 4/4
  2296 | D:3      | Reached skill level 5 in Dodging
  2679 | D:3      | Found a faded altar of an unknown god.
  2842 | D:4      | Gained mutation: You are partially covered in sharp spines. [demonic ancestry]
  2842 | D:4      | Reached XP level 5. HP: 39/41 MP: 5/5
  3075 | D:4      | Reached skill level 6 in Dodging
  3238 | D:4      | Found Heetitt's Antique Armour Shop.
  3246 | D:4      | Bought a runed ring mail for 182 gold pieces
  3406 | D:4      | Reached XP level 6. HP: 28/47 MP: 6/6
  3813 | D:5      | Entered Level 5 of the Dungeon
  3813 | D:5      | Noticed a sky beast
  3823 | D:5      | Noticed a two-headed ogre
  4155 | D:5      | Slain by a two-headed ogre

Skill      XL: |  1  2  3  4  5 |
---------------+----------------+-----
Dodging        | 3 4 5 6 |  6.8
Fighting       | |  3.3
Stealth        | |  1.7
Unarmed Combat | |  2.6

Action                   |  1- 3 |  4- 6 || total
-------------------------+-------+-------++-------
Melee: Unarmed           |   148 |   238 ||   386
       Kick              |    23 |    58 ||    81
       Punch             |       |     1 ||     1
Throw: Javelin           |       |     6 ||     6
  Use: Scroll            |     2 |     5 ||     7
 Stab: Sleeping          |     6 |     5 ||    11
  Eat: Chunk             |     2 |     8 ||    10
Armor: Robe              |    20 |    24 ||    44
       Ring mail         |       |    23 ||    23
Dodge: Dodged            |   116 |   179 ||   295
Block: Buckler           |       |    29 ||    29
